 Dungeon Crawl Stone Soup version 0.29-a0-72-g1732ff48e7 (webtiles) character file.

Game seed: 1366919968726078384

2942 siradein the Skirmisher (level 9, -4/79 HPs)
             Began as a Purple Draconian Fighter on Feb 3, 2022.
             Was a Follower of Makhleb.
             Slain by a vampire (10 damage)
             ... on level 8 of the Dungeon.
             The game lasted 00:18:42 (7330 turns).

siradein the Skirmisher (Purple Draconian Fighter)  Turns: 7330, Time: 00:18:42

Health: -4/79      AC:  8    Str: 20    XL:     9   Next: 51%
Magic:  13/13      EV: 14    Int: 21    God:    Makhleb [*.....]
Gold:   354        SH:  5    Dex: 14    Spells: 13/13 levels left

rFire   . . .      SeeInvis .   q - +7 dagger "Teusutoe" {spect, Will- Int+7}
rCold   . . .      Faith    .   b - +0 buckler
rNeg    . . .      Spirit   .   (armour unavailable)
rPois   .          Reflect  .   (helmet restricted)
rElec   .          Harm     .   (no cloak)
rCorr   .          Rampage  .   h - +0 pair of gloves
Will    .....                   (no boots)
Stlth   +.........              (no amulet)
HPRegen 0.23/turn               r - +6 ring of intelligence
MPRegen 0.13/turn               (no ring)

@: short of breath
A: breathe power, AC +7, unfitting armour, cold-blooded
a: Breathe Dispelling Energy, Renounce Religion


You were on level 8 of the Dungeon.
You worshipped Makhleb.
Makhleb was aware of your devotion.
You visited 2 branches of the dungeon, and saw 9 of its levels.

You collected 354 gold pieces.

Inventory:

Hand Weapons
 l - a +0 scimitar
 q - the +7 dagger "Teusutoe" (weapon) {spect, Will- Int+7}
   (You found it on level 4 of the Dungeon)

   When its wielder attacks, the weapon's spirit leaps out and strikes again.
   The spirit shares a part of any damage it takes with its wielder.
   Int:       It affects your intelligence (+7).
   Will:      It decreases your willpower.
Missiles
 f - 11 poisoned darts
 j - 5 boomerangs (quivered)
Armour
 b - a +0 buckler (worn)
 h - a +0 pair of gloves (worn)
Jewellery
 r - a +6 ring of intelligence (left hand)
 t - the ring of the Rabble {Ice Str-4 Int+2 Dex+5}
   (You took it off a centaur on level 7 of the Dungeon)

   [ring of ice]

   It enhances your ice magic.
   Str:       It affects your strength (-4).
   Int:       It affects your intelligence (+2).
   Dex:       It affects your dexterity (+5).
   rF:        It makes you vulnerable to fire.
   rC:        It protects you from cold.
Wands
 y - a wand of polymorph (6)
Scrolls
 g - 2 scrolls of fear
 k - 3 scrolls of enchant weapon {unknown}
 m - a scroll of immolation {unknown}
 n - a scroll of magic mapping {unknown}
 s - a scroll of enchant armour {unknown}
 v - a scroll of silence {unknown}
 w - a scroll of blinking {unknown}
 x - a scroll of amnesia {unknown}
Potions
 a - a potion of attraction {unknown}
 c - a potion of might
 d - a potion of heal wounds {unknown}
 e - 4 potions of curing
 i - a potion of flight {unknown}
 o - a potion of brilliance
 p - 3 potions of lignification
 u - 2 potions of ambrosia {unknown}
 z - a potion of cancellation {unknown}


   Skills:
 + Level 7.1 Fighting
 + Level 6.1 Long Blades
 + Level 5.9 Dodging
 + Level 6.5 Shields
 + Level 2.5 Spellcasting
 + Level 5.4 Invocations
 + Level 2.7 Evocations


You had 13 spell levels left.
You didn't know any spells.
Your spell library contained the following spells:

 Spells                   Type           Power      Damage    Failure   Level
 Apportation              Tloc           4%         N/A       19%         1
 Call Canine Familiar     Summ           2%         N/A       47%         3
 Portal Projectile        Hex/Tloc       4%         N/A       47%         3
 Leda's Liquefaction      Hex/Erth       1%         N/A       87%         4
 Alistair's Intoxication  Tmut/Pois      1%         N/A       99%         5
 Iskenderun's Battlesphe  Conj           2%         2d6       99%         5
 Iron Shot                Conj/Erth      1%         9d1       100%        6
 Spellforged Servitor     Conj/Summ      1%         N/A       100%        7
 Borgnjor's Revivificati  Necr           1%         N/A       100%        8
 Necromutation            Tmut/Necr      1%         N/A       100%        8
 Death's Door             Necr           1%         N/A       100%        9


Dungeon Overview and Level Annotations

Branches:
Dungeon (8/15)             Temple (1/1) D:4
   Lair: D:8-11

Altars:
Ashenzari
Cheibriados
Dithmenos
Elyvilon
Fedhas
Gozag
Hepliaklqana
Kikubaaqudgha
Makhleb
Nemelex Xobeh
Okawaru
Qazlal
Ru
Sif Muna
Trog
Uskayaw
Vehumet
Wu Jian
Xom
Yredelemnul
Zin
The Shining One

Shops:
D:2 *   D:7 *


Innate Abilities, Weirdness & Mutations

You can breathe bolts of dispelling energy.
Your rich purple scales are hard. (AC +7)
You cannot fit into any form of body armour.
You are cold-blooded and may be slowed by cold attacks.


Message History

Press: ? - help, Shift-Dir - straight line You breathe a bolt of dispelling energy.
Something hits you! Something bites you but does no damage.
You hit something but do no damage.
Your tail-slap misses something.
Your +7 dagger "Teusutoe" {spect, Will- Int+7} hits something.
You miss something.
Your tail-slap misses something.
Your +7 dagger "Teusutoe" {spect, Will- Int+7} hits something.
You hear some strange, mumbled words.
Something tries to affect you, but you resist.
You hit something.
Your +7 dagger "Teusutoe" {spect, Will- Int+7} hits something but does no damage.
Something hits you! Something bites you but does no damage.
You hit something but do no damage.
Your tail-slap misses something.
Your +7 dagger "Teusutoe" {spect, Will- Int+7} hits something.
Something hits your +7 dagger "Teusutoe" {spect, Will- Int+7}.
Your spectral weapon shares its damage with you!
Something bites your +7 dagger "Teusutoe" {spect, Will- Int+7} but does no damage.
You hit something but do no damage.
Your +7 dagger "Teusutoe" {spect, Will- Int+7} barely misses something.
Something draws life force from you!!
You hit something.
Your +7 dagger "Teusutoe" {spect, Will- Int+7} hits something.
Something hits you. Something bites you!
Something draws strength from your injuries!
You hit something but do no damage.
Your +7 dagger "Teusutoe" {spect, Will- Int+7} hits something.
Something hits you. Something bites you!
* * * LOW HITPOINT WARNING * * *
Something draws strength from your injuries!
You barely miss something. You tail-slap something.
Your +7 dagger "Teusutoe" {spect, Will- Int+7} closely misses something.
You hit something.
Your +7 dagger "Teusutoe" {spect, Will- Int+7} hits something.
Something draws life force from you!
* * * LOW HITPOINT WARNING * * *
You closely miss something.
Your tail-slap misses something.
Your +7 dagger "Teusutoe" {spect, Will- Int+7} hits something but does no damage.
Your +7 dagger "Teusutoe" {spect, Will- Int+7} fades away.
Something hits you!
You die...

..........# ##........
............###.........
.............#..........
........................
............#............
............#.....>...(..
...................##....
...............#.....###
....#......#.{@....#
.............##......####
......#..................
.............###.....####
......#......# #.....#
).....#......# #.....#
##### #......# #...<.#
#......# #.....# #######


There were no monsters in sight!

Vanquished Creatures
  A wyvern (D:5)
  A wraith (D:7)
  Sigmund (D:5)
  An orc warrior (D:7)
  2 sky beasts
  A hornet zombie (D:8)
  4 ice beasts
  A black bear (D:6)
  A centaur (D:7)
  3 ogres
  A necrophage (D:5)
  A bullfrog (D:7)
  2 scorpions
  A water moccasin zombie (D:6)
  A wyvern skeleton (D:6)
  4 howler monkeys (D:7)
  A wight (D:6)
  2 bullfrog zombies (D:6)
  An orc priest (D:7)
  4 hounds
  4 jellies
  2 gnoll shamans
  4 iguanas
  A centaur skeleton (D:7)
  An orc wizard (D:7)
  A howler monkey zombie (D:6)
  7 gnolls
  3 adders
  A white imp (D:5)
  An ufetubus (D:6)
  3 adder skeletons (D:4)
  2 worms
  A dart slug (D:2)
  10 orcs
  4 ball pythons
  7 endoplasms
  3 giant cockroaches
  5 hobgoblins
  4 jackals (D:4)
  9 kobolds
  A quokka (D:2)
  10 bats
  5 frilled lizards
  7 goblins
  9 rats
139 creatures vanquished.

Vanquished Creatures (others)
  7 plants (D:1)
7 creatures vanquished.

Grand Total: 146 creatures vanquished

Notes
Turn   | Place    | Note
-------+----------+-------------------------------------------
     0 | D:1      | siradein the Draconian Fighter began the quest for the Orb.
     0 | D:1      | Reached XP level 1. HP: 19/19 MP: 1/1
   173 | D:1      | Reached XP level 2. HP: 26/26 MP: 2/2
   516 | D:2      | Found a glowing golden altar of the Shining One.
   650 | D:2      | Found Neyq's Assorted Antiques.
   678 | D:2      | Reached XP level 3. HP: 22/33 MP: 3/3
  1545 | D:3      | Reached XP level 4. HP: 39/40 MP: 4/4
  2024 | D:3      | Reached skill level 4 in Fighting
  2252 | D:4      | Identified the +7 dagger "Teusutoe" {spect, Will- Int+7}
  2273 | D:4      | Found a staircase to the Ecumenical Temple.
  2366 | Temple   | Entered the Ecumenical Temple
  2583 | Temple   | Became a worshipper of Makhleb the Destroyer
  2678 | D:4      | Reached XP level 5. HP: 41/46 MP: 5/5
  2723 | D:4      | Noticed an ogre
  2740 | D:4      | Killed an ogre
  2741 | D:4      | Reached skill level 1 in Invocations
  3016 | D:4      | Reached XP level 6. HP: 52/53 MP: 5/7
  3099 | D:5      | Entered Level 5 of the Dungeon
  3245 | D:5      | Noticed an ice beast
  3252 | D:5      | Killed an ice beast
  3394 | D:5      | Noticed Sigmund
  3427 | D:5      | Killed Sigmund
  3428 | D:5      | Reached skill level 5 in Fighting
  3428 | D:5      | Your scales start taking on a rich purple colour.
  3428 | D:5      | Reached XP level 7. HP: 59/61 MP: 8/8
  3458 | D:5      | Found a snail-covered altar of Cheibriados.
  3645 | D:5      | Noticed a wyvern
  3658 | D:5      | Killed a wyvern
  4075 | D:5      | Reached skill level 5 in Shields
  4504 | D:5      | Reached XP level 8. HP: 62/70 MP: 10/10
  5112 | D:6      | Reached * piety under Makhleb
  5143 | D:6      | Reached skill level 6 in Fighting
  5143 | D:6      | Reached skill level 5 in Long Blades
  5143 | D:6      | Reached skill level 5 in Dodging
  5729 | D:7      | Reached skill level 1 in Evocations
  5733 | D:7      | Reached skill level 1 in Spellcasting
  5733 | D:7      | Reached XP level 9. HP: 72/78 MP: 12/12
  5785 | D:7      | Identified the ring of the Rabble {Ice Str-4 Int+2 Dex+5}
  5947 | D:7      | Found Buloe's General Store.
  6007 | D:7      | Reached skill level 5 in Invocations
  6270 | D:7      | HP: 1/78 [orc priest/nerve-wracking pain (12)]
  6626 | D:7      | Reached skill level 7 in Fighting
  7330 | D:8      | Slain by a vampire

Illustrated notes

Levels and vault maps discovered:
D:1:      eino_arrival_druids_welcome, layout_rooms, lexackson_kobold_supper
D:2:      layout_basic, serial_shops, shop, basic_altar, minmay_hedge_maze
D:3:      layout_rooms
D:4:      layout_cave_pools, minmay_temple_entry_glass, serial_column_ruins,
          column_ruins_hut, column_ruins_circle_medium, column_ruins_grid_3,
          column_ruins_open_small_water, column_ruins_columns_corner,
          column_ruins_grid_1, column_ruins_open_tiny
D:5:      layout_loops_corners, old_standard_altar, uniq_sigmund
D:6:      layout_loops_ring, serial_glass, glass_columns_a, glass_columns_a,
          feat_on_display, kennysheep_generic_room_8
D:7:      layout_loops_ring, serial_shops, nicolae_shop_window_shopping,
          nicolae_fountain_basement
D:8:      layout_rooms
Temple:   mainiacjoe_temple_archimedes_tessellation

Skill      XL: |  1  2  3  4  5  6  7  8  9 |
---------------+----------------------------+-----
Dodging        | 3 4 5 |  5.9
Fighting       | 4 5 6 7 |  7.1
Long Blades    | 3 4 5 6 |  6.1
Shields        | 4 5 6 |  6.5
Invocations    | 1 2 3 4 5 |  5.4
Evocations     | 1 2 |  2.7
Spellcasting   | 1 2 |  2.5

Action                   |  1- 3 |  4- 6 |  7- 9 || total
-------------------------+-------+-------+-------++-------
Melee: Long sword        |   143 |    59 |       ||   202
       Tailslap          |    13 |    14 |    32 ||    59
       Dagger            |       |    47 |   146 ||   193
       Scimitar          |       |       |    60 ||    60
Throw: Boomerang         |       |     6 |     3 ||     9
 Abil: Breathe Dispellin |       |       |    16 ||    16
  Use: Scroll            |       |     4 |     2 ||     6
 Stab: Sleeping          |     3 |       |       ||     3
       Distracted        |       |       |     2 ||     2
Armor: Skin              |    69 |    26 |    57 ||   152
Dodge: Dodged            |    80 |    52 |   118 ||   250
Block: Buckler           |    32 |    21 |    30 ||    83

Table legend: (Time is in decaauts)
 A = Elapsed time spent in this place.
 B = Non-inter-level travel time spent in this place.
 C = Inter-level travel time spent in this place.
 D = Time resting spent in this place.
 E = Time spent auto-exploring this place.
 F = Levels seen in this place.
 G = Mean time per level.
                   A        B        C        D        E       F      G
               +--------+--------+--------+--------+--------+-----+--------+
         Total |   7423 |   7222 |    201 |   1249 |   4489 |   9 |  824.8 |
       Dungeon |   7174 |   6993 |    181 |   1249 |   4323 |   8 |  896.8 |
        Temple |    248 |    228 |     20 |      0 |    166 |   1 |  248.0 |
               +--------+--------+--------+--------+--------+-----+--------+

Top non-repeatable levels by time:
     D:5: 1860 daAuts
     D:7: 1542 daAuts
     D:1: 781 daAuts
     D:2: 758 daAuts
     D:4: 756 daAuts
     D:6: 732 daAuts
     D:3: 643 daAuts
  Temple: 248 daAuts
     D:8: 98 daAuts
